 Dungeon Crawl Stone Soup version 0.21.0 (webtiles) character file.

13778 NixNut the Carver (level 11, -7/92 HPs)
             Began as a Demonspawn Berserker on Jan 7, 2018.
             Was a High Priest of Trog.
             Mangled by an elephant (10 damage)
             ... on level 11 of the Dungeon on Jan 8, 2018.
             The game lasted 00:48:12 (10901 turns).

NixNut the Carver (Demonspawn Berserker)           Turns: 10901, Time: 00:48:12

Health: -7/92      AC: 16    Str: 20      XL:     11   Next: 80%
Magic:  11/11      EV:  5    Int: 10      God:    Trog [*****.]
Gold:   546        SH:  0    Dex:  8 (12) Spells: 10/10 levels left

rFire    + . .     SeeInvis +   A - +7 dagger "Vimiw" {vamp, rElec}
rCold    + . .     Gourm    .   (no shield)
rNeg     . . .     Faith    .   E - +0 plate armour
rPois    .         Spirit   .   (helmet unavailable)
rElec    +         Reflect  .   K - +0 cloak
rCorr    .         Harm     .   b - +0 pair of gloves
MR       .....                  o - +0 pair of boots
Stlth    ..........             (no amulet)
HPRegen  0.25/turn              n - ring of protection from cold
MPRegen  0.12/turn              (no ring)

@: lethally poisoned (-7 -> -8), berserk cooldown, hasted and slowed, extremely
drained
A: antennae 3, yellow scales 2, fire resistance 1, powered by death 1
a: Berserk, Trog's Hand, Brothers in Arms, Burn Spellbooks, Renounce Religion


You were on level 11 of the Dungeon.
You worshipped Trog.
Trog was extremely pleased with you.
You were not hungry.

You visited 1 branch of the dungeon, and saw 11 of its levels.
You also visited: Bailey.

You collected 546 gold pieces.

Inventory:

Hand Weapons
 a - a +0 falchion
 A - the +7 dagger "Vimiw" (weapon) {vamp, rElec}
   (You found it on level 7 of the Dungeon)

   It inflicts no extra harm, but heals its wielder when it wounds a living foe.
   It insulates you from electricity.
 M - a +6 antimagic triple sword
Armour
 b - a +0 pair of gloves (worn)
 l - a +0 troll leather armour
 o - a +0 pair of boots (worn)
 E - a +0 plate armour (worn)
 I - a +0 shield
 K - a +0 cloak (worn)
 L - the +1 scale mail "Fuaxu" {-Tele Str+2 SInv}
   (You took it off an orc on level 10 of the Dungeon)

   It affects your strength (+2).
   It lets you see invisible.
   It prevents most forms of teleportation.
Jewellery
 i - an uncursed ring of stealth
 n - a ring of protection from cold (left hand)
Wands
 j - a wand of disintegration (15)
 p - a wand of polymorph (27)
 y - a wand of digging (9)
 z - a wand of scattershot (4)
 B - a wand of enslavement (31)
 F - a wand of paralysis (6)
 J - a wand of acid (3)
Scrolls
 e - a scroll of magic mapping {unknown}
 f - 2 scrolls of noise {unknown}
 g - a scroll of identify
 k - a scroll of immolation {unknown}
 m - 3 scrolls of remove curse
 q - 2 scrolls of teleportation
 r - a scroll of fog {unknown}
 v - 2 scrolls of enchant armour {unknown}
 w - a scroll of blinking
 x - a scroll of summoning {unknown}
 C - a scroll of acquirement {unknown}
 G - 2 scrolls of vulnerability {unknown}
Potions
 h - a potion of flight
 s - 2 potions of brilliance
 t - a potion of berserk rage
 D - 2 potions of mutation {unknown}
 N - a potion of magic {unknown}
Comestibles
 c - 10 rations
 O - 4 chunks of flesh


   Skills:
 + Level 10.7(0.0) Fighting
 * Level 13.2(0.0) Long Blades
 + Level 5.0(0.0) Armour
 + Level 4.9(0.0) Dodging


You had 10 spell levels left.
You didn't know any spells.

Dungeon Overview and Level Annotations

Branches:
Dungeon (11/15)            Temple (0/1) D:7
   Lair: D:8-11         Orc: D:9-12

Altars:
Ashenzari
Cheibriados
Elyvilon
Gozag
Nemelex Xobeh
Qazlal
Ru
Sif Muna
Uskayaw
Wu Jian
Yredelemnul
Zin
The Shining One

Shops:
D:5 %*   D:10 [

Annotations:
D:10 Sonja
D:11 Erica, Urug


Innate Abilities, Weirdness & Mutations

You have a pair of large antennae on your head. (SInv)
You are mostly covered in yellow scales. (AC +3)
Your flesh is heat resistant. (rF+)
You regenerate a little health from kills.


Message History

The hippogriff bites you.
* * * LOW HITPOINT WARNING * * *
The hippogriff pecks you.
* * * LOW HITPOINT WARNING * * *
The hippogriff claws you but does no damage.
The scorpion stings you but does no damage.
You feel sick.
You feel sick. The elephant tramples you.
* * * LOW HITPOINT WARNING * * *
You hold your ground!
The elephant trunk-slaps you but does no damage.
Erica shouts!
You hit the elephant.
The elephant is lightly wounded.
The hippogriff barely misses you.
The hippogriff pecks you but does no damage.
The hippogriff claws you.
* * * LOW HITPOINT WARNING * * *
The elephant tramples you!
You die...

...P8...#..#
....8...#..#
#...#
..P8....#..#
#....
...##...#..#
#....
..###...#..#
#...# ..
#...#..# #...#
#..###...# ..#
#........# ..#
#.......@# ..#
#.....sYH# ..##
@..###.O# ...
.. #..# { .# ..
..## #..# .#
.... ....# #..#
Y#..P..
...!.##..#
5..P...
..P...#..# .##
.......
.........#.....


You could see an elephant, Erica, a hippogriff, an ogre and a scorpion.

Vanquished Creatures
  A hydra (D:11)
  4 two-headed ogres
  A tengu warrior (D:9)
  2 unseen horrors (D:10)
  A troll (D:8)
  A hippogriff (D:9)
  A wraith (D:10)
  15 yaks
  2 black bears
  5 orc warriors
  2 sky beasts
  2 ice beasts
  A hornet zombie (D:9)
  An eye of draining (D:8)
  A necrophage (D:11)
  A phantom (D:10)
  3 ogres
  6 centaurs
  3 big kobolds
  5 bullfrogs
  A gnoll sergeant (D:10)
  2 scorpions
  12 killer bees
  5 wights
  8 howler monkeys
  A crimson imp (D:6)
  5 bullfrog zombies
  2 centaur zombies
  A quasit (D:11)
  2 bullfrog skeletons
  13 hounds
  8 orc wizards
  2 orc priests (D:10)
  Terence (D:3)
  3 jellies
  Jessica (D:3)
  3 iguanas
  9 worker ants
  Natasha (twice) (D:2)
  2 hound skeletons
  A worker ant zombie (D:9)
  9 gnolls
  10 adders
  An ooze (D:3)
  An adder zombie (D:6)
  2 adder skeletons (D:4)
  2 worms (D:2)
  2 dart slugs
  11 leopard geckos
  38 orcs
  3 ball pythons
  3 giant cockroaches
  4 goblins
  12 hobgoblins
  13 jackals
  5 quokkas
  4 bats
  5 frilled lizards
  A jackal skeleton (D:6)
  16 kobolds
  A rat (D:3)
285 creatures vanquished.

Vanquished Creatures (collateral kills)
  The ghost of topfpfpflanze the Thaumaturge, a novice DEFE of Vehumet (D:9)
  A crocodile (D:9)
  2 killer bees (D:9)
  2 wights (D:8)
  A hound (D:8)
  A worker ant (D:8)
  2 orcs (D:8)
10 creatures vanquished.

Grand Total: 295 creatures vanquished

Notes
Turn   | Place    | Note
-------+----------+-------------------------------------------
     0 | D:1      | NixNut the Demonspawn Berserker began the quest for the Orb.
     0 | D:1      | Reached XP level 1. HP: 18/18 MP: 1/1
   229 | D:1      | Reached skill level 3 in Long Blades
   237 | D:1      | Gained mutation: You are partially covered in yellow scales. (AC +2) [demonic ancestry]
   237 | D:1      | Reached XP level 2. HP: 24/24 MP: 2/2
   891 | D:2      | Reached ** piety under Trog
   919 | D:2      | Gained mutation: You are mostly covered in yellow scales. (AC +3) [demonic ancestry]
   919 | D:2      | Reached XP level 3. HP: 29/29 MP: 3/3
  1127 | D:2      | Reached skill level 4 in Long Blades
  1197 | D:2      | Noticed Natasha
  1214 | D:2      | Killed Natasha
  1214 | D:2      | Gained mutation: You have a pair of small antennae on your head. [demonic ancestry]
  1214 | D:2      | Reached XP level 4. HP: 26/37 MP: 4/4
  1506 | D:2      | Noticed Natasha
  1519 | D:2      | Killed Natasha
  1892 | D:3      | Noticed Terence
  1899 | D:3      | Killed Terence
  1899 | D:3      | Gained mutation: Your flesh is heat resistant. (rF+) [demonic ancestry]
  1899 | D:3      | Reached XP level 5. HP: 42/42 MP: 5/5
  2087 | D:3      | Noticed Jessica
  2109 | D:3      | Killed Jessica
  2109 | D:3      | Reached skill level 5 in Long Blades
  2122 | D:3      | Reached *** piety under Trog
  2199 | D:3      | Found a white marble altar of Elyvilon.
  2662 | D:4      | Noticed a dagger
  2663 | D:4      | Noticed a hand axe
  2666 | D:4      | Found a hide-covered altar of Uskayaw.
  2667 | D:4      | Noticed an ogre
  2702 | D:4      | Killed an ogre
  2702 | D:4      | Gained mutation: You regenerate a little health from kills. [demonic ancestry]
  2702 | D:4      | Reached XP level 6. HP: 49/49 MP: 6/6
  2951 | D:4      | Found a sparkling altar of Nemelex Xobeh.
  3046 | D:4      | Found a glowing golden altar of the Shining One.
  3053 | D:4      | Found a basalt altar of Yredelemnul.
  3387 | D:4      | Noticed an angel
  3412 | D:5      | Entered Level 5 of the Dungeon
  3529 | D:5      | Reached skill level 5 in Fighting
  3597 | D:5      | Found Gozag's Platinum Reserve.
  3644 | D:5      | Found an opulent altar of Gozag.
  3650 | D:5      | Reached skill level 6 in Long Blades
  3671 | D:5      | Reached XP level 7. HP: 40/56 MP: 7/7
  3865 | D:5      | Found a shattered altar of Ashenzari.
  4057 | D:5      | Found Utuanod's Food Boutique.
  4552 | D:6      | Found a deep blue altar of Sif Muna.
  4552 | D:6      | Found a snail-covered altar of Cheibriados.
  4557 | D:6      | Found a sacrificial altar of Ru.
  4559 | D:6      | Found a glowing silver altar of Zin.
  4565 | D:6      | Found a faded altar of an unknown god.
  4676 | D:6      | Reached XP level 8. HP: 52/64 MP: 8/8
  4758 | D:6      | Reached skill level 7 in Long Blades
  4941 | D:6      | Reached **** piety under Trog
  5902 | D:7      | Found a staircase to the Ecumenical Temple.
  5937 | D:7      | Got a crystal dagger
  5938 | D:7      | Identified the +7 dagger "Vimiw" {vamp, rElec} (You found it on level 7 of the Dungeon)
  6083 | D:7      | Reached skill level 8 in Long Blades
  6219 | D:7      | Gained mutation: You have a pair of antennae on your head. [demonic ancestry]
  6219 | D:7      | Reached XP level 9. HP: 71/71 MP: 9/9
  6374 | D:7      | Found a stormy altar of Qazlal.
  6515 | D:8      | Noticed a two-headed ogre
  6545 | D:8      | Killed a two-headed ogre
  6545 | D:8      | Reached skill level 9 in Long Blades
  6667 | D:8      | Reached skill level 10 in Long Blades
  6891 | D:8      | Found an ornate altar of the Wu Jian Council.
  6894 | D:8      | Noticed a troll
  6914 | D:8      | Killed a troll
  6914 | D:8      | Gained mutation: You have a pair of large antennae on your head. (SInv) [demonic ancestry]
  6914 | D:8      | Reached XP level 10. HP: 36/80 MP: 10/10
  7514 | D:9      | Noticed a two-headed ogre
  7532 | D:9      | Killed a two-headed ogre
  7532 | D:9      | Reached skill level 11 in Long Blades
  7662 | D:9      | Reached ***** piety under Trog
  7993 | D:9      | Noticed topfpfpflanze's ghost (novice DEFE)
  7996 | D:9      | Killed topfpfpflanze's ghost
  8021 | D:9      | Found a flagged portal.
  8053 | Bailey   | Entered a bailey
  8053 | Bailey   | Noticed an orc knight
  8389 | D:9      | Noticed a two-headed ogre
  8408 | D:9      | Killed a two-headed ogre
  8408 | D:9      | Reached skill level 12 in Long Blades
  8408 | D:9      | Reached XP level 11. HP: 90/90 MP: 11/11
  8850 | D:9      | Noticed a tengu warrior
  8878 | D:9      | Killed a tengu warrior
  8878 | D:9      | Reached skill level 10 in Fighting
  9078 | D:9      | Noticed Maurice
  9080 | D:9      | Noticed Maurice
  9080 | D:9      | Maurice changed into Maurice the big kobold
  9098 | D:9      | Killed Maurice the big kobold
  9277 | D:10     | Entered Level 10 of the Dungeon
  9353 | D:10     | Found a glowing silver altar of Zin.
  9364 | D:10     | Got a jewelled scale mail
  9365 | D:10     | Identified the +1 scale mail "Fuaxu" {-Tele Str+2 SInv} (You took it off an orc on level 10 of the Dungeon)
  9449 | D:10     | Noticed a two-headed ogre
  9474 | D:10     | Killed a two-headed ogre
  9511 | D:10     | Received a gift from Trog
  9601 | D:10     | Noticed an unseen horror
  9606 | D:10     | Killed an unseen horror
  9648 | D:10     | Found Pesusk's Armour Emporium.
  9939 | D:10     | Noticed Sonja
  9941 | D:10     | Noticed an unseen horror
  9966 | D:10     | Killed an unseen horror
  9966 | D:10     | Reached skill level 13 in Long Blades
 10445 | D:11     | Noticed a six-headed hydra
 10461 | D:11     | Killed a six-headed hydra
 10869 | D:11     | Noticed Urug
 10872 | D:11     | Reached skill level 5 in Armour
 10876 | D:11     | Noticed Erica
 10900 | D:11     | HP: 4/92 [elephant (6)]
 10901 | D:11     | Mangled by an elephant

Skill      XL: |  1  2  3  4  5  6  7  8  9 10 11 |
---------------+----------------------------------+-----
Long Blades    | 3 4 5 6 8 10 12 13 | 13.2
Fighting       | 4 5 6 8 9 10 | 10.7
Armour         | 2 4 5 |  5.0
Dodging        | 2 3 4 |  4.9

Action                   |  1- 3 |  4- 6 |  7- 9 | 10-12 || total
-------------------------+-------+-------+-------+-------++-------
Melee: Short sword       |   122 |   198 |   288 |       ||   608
       Dagger            |       |       |   208 |   594 ||   802
       Triple sword      |       |       |       |   111 ||   111
Invok: Berserk           |       |     2 |     5 |     8 ||    15
       Burn Spellbooks   |       |     1 |       |     1 ||     2
       Trog's Hand       |       |       |     1 |     5 ||     6
       Brothers in Arms  |       |       |     1 |     2 ||     3
Evoke: Wand              |       |       |     1 |     1 ||     2
  Use: Scroll            |     1 |     1 |     4 |    10 ||    16
       Potion            |       |       |       |     8 ||     8
  Eat: Chunk             |     1 |    10 |    10 |     8 ||    29
       Ration            |       |       |     3 |     6 ||     9
Armor: Leather armour    |    46 |    66 |    79 |       ||   191
       Plate armour      |       |       |   207 |   688 ||   895
Dodge: Dodged            |    97 |   128 |   265 |   271 ||   761
       Rpst.: Triple sword |       |       |       |    16 ||    16
